 Dungeon Sprint DCSS version 0.28.0-43-g3370ac3207 (webtiles) character file.

Game seed: 4643680636320070509

1700000 smarlow the Sorcerer (level 15, -3/118 HPs)
             Began as a Djinni Warper on Mar 3, 2022.
             Was a Believer of Makhleb.
             Slain by a large bag of meat
             ... wielding a +9 giant spiked club
              (115 damage)
             ... in the Dungeon (Sprint VIII: "Arena of Blood").
             The game lasted 00:00:40 (17 turns).

smarlow the Sorcerer (Djinni Warper)                  Turns: 17, Time: 00:00:42

Health: -3/118     AC:  3    Str: 16    XL:     15   Next: 42%
Gold:   0          EV: 19    Int: 15    God:    Makhleb [**....] SH:  0 Dex: 14

rFire   + + .      SeeInvis .   i - +∞ Axe of Woe
rCold   x . .      Faith    .   (shield currently unavailable)
rNeg    . . .      Spirit   .   b - +0 leather armour
rPois   ∞          Reflect  .   (no helmet)
rElec   .          Harm     .   (no cloak)
rCorr   .          Rampage  .   (no gloves)
Will    +....      NoTele   +   (boots unavailable)
Stlth   +.........              (no amulet)
HPRegen 0.29/turn               (no ring)
MPRegen 0.00/turn               (no ring)

@: flying, hasted, very quick
A: sickness immunity, fire resistance 2, cold vulnerability 1, float, innate
caster, HP casting, extra vitality 1
a: Renounce Religion, Minor Destruction


You were in the Dungeon.
You worshipped Makhleb.
Makhleb was pleased with you.
You visited 1 branch

Inventory:

Hand Weapons
 a - a +0 hand axe
 i - the +∞ Axe of Woe (weapon)
   (You found it in the Dungeon)
Missiles
 d - 5 boomerangs of dispersal (quivered)
Armour
 b - a +0 leather armour (worn)
Scrolls
 c - 2 scrolls of blinking
Potions
 e - a potion of curing
 f - a potion of heal wounds
 h - a potion of berserk rage


   Skills:
 + Level 14.5 Fighting
 + Level 14.9 Axes
 + Level 5.2 Throwing
 + Level 4.4 Armour
 + Level 15.8 Dodging
 + Level 24.6 Spellcasting


You had 22 spell levels left.
You knew the following spells:

 Your Spells              Type           Power      Damage    Failure   Level
a - Blink                 Tloc           100%       N/A       0%          2
b - Lesser Beckoning      Tloc           75%        N/A       0%          3
c - Gell's Gravitas       Tloc           75%        N/A       0%          3
d - Teleport Other        Tloc           75%        N/A       0%          3
e - Manifold Assault      Tloc           75%        N/A       0%          5
f - Sandblast             Erth           100%       2d20      0%          1
g - Call Imp              Summ           75%        N/A       0%          2
h - Tukima's Dance        Hex            75%        N/A       0%          3
i - Portal Projectile     Hex/Tloc       100%       N/A       0%          3
j - Agony                 Necr           75%        N/A       0%          5
k - Lee's Rapid Deconstr  Erth           37%        3d20*     0%          5
l - Starburst             Conj/Fire      37%        6d11      0%          6
Your spell library was empty.

Dungeon Overview and Level Annotations

Branches:
Dungeon (1/1)

Altars:
Makhleb


Innate Abilities, Weirdness & Mutations

You are immune to sickness and miasma.
You are immune to poison.
Your flesh is very heat resistant. (rF++)
You are vulnerable to cold. (rC-)
You float through the air rather than walking.
You learn spells naturally, not from books.
Your magical power is your life essence.
You have superior vitality. (+4 MHP)


Message History

You kill the bag of meat!
Makhleb accepts your kill.
The bag of meat appears out of thin air!
A bag of meat comes into view. It is wielding a +9 war axe.
The bag of meat shouts!
You hear a shout! x8
A bag of meat comes into view. It is wielding a +9 war axe.
You hear a shout! x2
A bag of meat comes into view. It is wielding a +9 war axe.
Your Fighting skill increases to level 14!
Your Axes skill increases to level 14!
Your Throwing skill increases to level 5!
Your Dodging skill increases to level 15!
Your Spellcasting skill increases to level 24!
You have reached level 15!
Your experience leads to an increase in your attributes!
Increase (S)trength, (I)ntelligence, or (D)exterity?
You feel stronger. x2
The power to cast Starburst wells up from within.
Spell assigned to 'l'.
Cast which spell? (? or * to list)
Casting: Starburst (safe; 0% risk of failure)
Press: ? - help, Dir - look around, f - activate The bolt of fire hits the bag of meat!!!
The bag of meat is lightly wounded.
The bolt of fire hits the bag of meat!!!
The bag of meat is lightly wounded.
The bolt of fire hits the bag of meat!!
The bag of meat is lightly wounded.
The bolt of fire misses the bag of meat.
The bolt of fire hits the large bag of meat!!!
Flame seeps out of the large bag of meat.
The large bag of meat is lightly wounded.
You hear a shout! x3
A bag of meat comes into view. It is wielding a +9 war axe.
You hear a shout!
The large bag of meat is engulfed in blazing flames.
The large bag of meat completely misses you.
The large bag of meat hits you with a +9 giant spiked club!!!!
Ouch! That really hurt!
You die...

##.....##o##o.o
...............
......o..#.#....
...........o.....
....o............
#................
.....O.....O....
......O@).......
....#.......#.. .
#....o).#
.###...)...###...
......###.o......
......._.))......
.....#.....#......
.....#_.<._#......
.....#.....# .....


You could see a large bag of meat (inner flame), 2 meat berserkers and 8 bags of
meat.

Vanquished Creatures
  2 ogres (D)
  5 orcs (D)
7 creatures vanquished.

Notes
Turn   | Place    | Note
-------+----------+-------------------------------------------
     0 | D        | Found the +∞ Axe of Woe
     0 | D        | smarlow the Djinni Warper began the quest for the Orb.
     0 | D        | Reached XP level 1. HP: 18/18 MP: 0/0
     0 | D        | Noticed a bag of meat
     2 | D        | Noticed a bag of meat
     3 | D        | Became a worshipper of Makhleb the Destroyer
     3 | D        | Noticed a bag of meat
     7 | D        | Killed a bag of meat
     7 | D        | Noticed a meat berserker
     8 | D        | Reached skill level 10 in Dodging
     8 | D        | Reached skill level 16 in Spellcasting
     8 | D        | Reached XP level 2. HP: 34/34 MP: 0/0
     8 | D        | Reached XP level 3. HP: 39/39 MP: 0/0
     8 | D        | Learned a level 1 spell: Sandblast
     8 | D        | Reached XP level 4. HP: 45/45 MP: 0/0
     8 | D        | Reached XP level 5. HP: 50/50 MP: 0/0
     8 | D        | Learned a level 2 spell: Call Imp
     8 | D        | Reached XP level 6. HP: 56/56 MP: 0/0
     8 | D        | Reached XP level 7. HP: 61/61 MP: 0/0
     8 | D        | Learned a level 3 spell: Tukima's Dance
     8 | D        | Reached XP level 8. HP: 67/67 MP: 0/0
     8 | D        | Reached XP level 9. HP: 72/72 MP: 0/0
     8 | D        | Learned a level 3 spell: Portal Projectile
     8 | D        | Reached XP level 10. HP: 78/78 MP: 0/0
     8 | D        | Reached XP level 11. HP: 84/84 MP: 0/0
     8 | D        | Learned a level 5 spell: Agony
     8 | D        | Noticed a bag of meat
     9 | D        | Killed a bag of meat
     9 | D        | Reached * piety under Makhleb
     9 | D        | Killed a bag of meat
     9 | D        | Noticed a bag of meat
     9 | D        | Noticed a meat berserker
    10 | D        | Reached skill level 10 in Axes
    10 | D        | Reached skill level 19 in Spellcasting
    10 | D        | Reached XP level 12. HP: 69/94 MP: 0/0
    10 | D        | Reached XP level 13. HP: 73/99 MP: 0/0
    10 | D        | Learned a level 5 spell: Lee's Rapid Deconstruction
    10 | D        | Noticed a bag of meat
    10 | D        | Noticed a large bag of meat
    11 | D        | Killed a meat berserker
    12 | D        | Reached skill level 21 in Spellcasting
    12 | D        | Reached XP level 14. HP: 80/108 MP: 0/0
    12 | D        | Killed a meat berserker
    12 | D        | Reached ** piety under Makhleb
    13 | D        | Reached skill level 23 in Spellcasting
    13 | D        | Noticed a meat berserker
    13 | D        | Noticed a bag of meat
    13 | D        | Noticed a meat berserker
    14 | D        | Noticed a bag of meat
    15 | D        | Noticed a bag of meat
    16 | D        | Killed a bag of meat
    16 | D        | Killed a bag of meat
    16 | D        | Noticed a bag of meat
    16 | D        | Noticed a bag of meat
    16 | D        | Noticed a bag of meat
    17 | D        | Reached skill level 5 in Throwing
    17 | D        | Reached skill level 15 in Dodging
    17 | D        | Reached skill level 24 in Spellcasting
    17 | D        | Reached XP level 15. HP: 118/118 MP: 0/0
    17 | D        | Learned a level 6 spell: Starburst
    17 | D        | Slain by a large bag of meat

Illustrated notes

Levels and vault maps discovered:
D:        meatsprint

Skill      XL: |  1  2  3  4  5  6  7  8  9 10 11 12 13 14 |
---------------+-------------------------------------------+-----
Fighting       | 9 11 12 14 | 14.5
Axes           | 8 10 12 14 | 14.9
Throwing       | 3 4 5 |  5.2
Armour         | 2 3 4 |  4.4
Dodging        | 10 12 13 15 | 15.8
Spellcasting   | 16 19 21 24 | 24.6

Action                   |  1- 3 |  4- 6 |  7- 9 | 10-12 | 13-15 || total
-------------------------+-------+-------+-------+-------+-------++-------
Melee: Executioner's axe |     1 |       |       |     1 |     3 ||     5
 Cast: Starburst         |       |       |       |       |     1 ||     1
  Use: Potion            |     1 |       |       |       |       ||     1
Dodge: Dodged            |       |       |       |       |     2 ||     2
